 Dungeon Crawl Stone Soup version 0.27-a0-448-gace5c5693b (webtiles) character file.

Game seed: 15485242910279739807

7151 jasper the Covert (level 10, -2/44 HPs)
             Began as a Spriggan Enchanter on Feb 27, 2021.
             Was a High Priest of Kikubaaqudgha.
             Slain by a white ugly thing (14 damage)
             ... on level 11 of the Dungeon.
             The game lasted 00:24:08 (13729 turns).

jasper the Covert (Spriggan Enchanter)             Turns: 13729, Time: 00:24:08

Health: -2/44      AC:  3    Str:  4    XL:     10   Next: 86%
Magic:  42/42      EV: 17    Int: 20    God:    Kikubaaqudgha [*****.]
Gold:   254        SH:  7    Dex: 16    Spells: 6/28 levels left

rFire    . . .     SeeInvis +   w - +3 dagger
rCold    + . .     Faith    .   x - +0 buckler
rNeg     . . .     Spirit   .   y - +1 robe {rC+}
rPois    .         Reflect  .   (helmet restricted)
rElec    .         Harm     .   L - scarf {shadows}
rCorr    .         Rampage  .   (gloves unavailable)
Will     +....                  (boots unavailable)
Stlth    +++++.....             (no amulet)
HPRegen  0.14/turn              W - ring of magical power
MPRegen  0.28/turn              T - ring of magical power

@: very quick
A: very small, unfitting armour, see invisible, speed 3
a: Renounce Religion, Receive Corpses, Torment


You were on level 11 of the Dungeon.
You worshipped Kikubaaqudgha.
Kikubaaqudgha was extremely pleased with you.
You visited 2 branches of the dungeon, and saw 12 of its levels.

You collected 682 gold pieces.
You spent 428 gold pieces at shops.

Inventory:

Hand Weapons
 a - a +1 dagger
 r - a +0 dagger of holy wrath
 w - a +3 dagger (weapon)
Missiles
 l - 31 bolts
 N - 3 throwing nets
Armour
 b - a +0 robe
 x - a +0 buckler (worn)
 y - a +1 robe of cold resistance (worn)
 D - a +0 cloak
 L - a scarf of shadows (worn)
Jewellery
 k - a ring of fire
 C - a ring of flight
 J - an amulet of guardian spirit
 M - an amulet of faith
 R - a ring of fire
 T - a ring of magical power (right hand)
 U - a +6 ring of strength
 W - a ring of magical power (left hand)
Wands
 u - a wand of random effects (33)
 v - a wand of paralysis (11)
 A - a wand of acid (22)
 E - a wand of digging (4)
 P - a wand of mindburst (4)
 V - a wand of polymorph (9)
Scrolls
 f - 3 scrolls of blinking
 i - 8 scrolls of teleportation
 q - 2 scrolls of magic mapping
 s - a scroll of fear {unknown}
 t - a scroll of enchant weapon {unknown}
 z - a scroll of teleportation
 I - 2 scrolls of immolation {unknown}
 O - a scroll of noise {unknown}
 Q - a scroll of vulnerability {unknown}
 X - a scroll of fog {unknown}
 Y - a scroll of torment {unknown}
Potions
 c - 3 potions of haste
 d - 3 potions of mutation
 e - a potion of resistance
 g - 3 potions of flight
 h - 4 potions of curing
 j - 4 potions of might
 n - 2 potions of degeneration
 o - 2 potions of berserk rage
 B - 2 potions of brilliance
 F - 2 potions of lignification
 G - a potion of cancellation
 H - a potion of invisibility {unknown}
 K - a potion of heal wounds {unknown}
 S - 2 potions of magic {unknown}


   Skills:
 + Level 7.0 Short Blades
 - Level 2.6 Dodging
 + Level 10.7 Stealth
 + Level 3.8 Shields
 * Level 9.5 Spellcasting
 - Level 8.0 Hexes
 * Level 7.2 Necromancy
 - Level 3.0 Translocations
 - Level 2.3 Ice Magic


You had 6 spell levels left.
You knew the following spells:

 Your Spells              Type           Power        Failure   Level
a - Corona                Hex            45%          1%          1
b - Ensorcelled Hibernat  Hex/Ice        60%          1%          2
c - Confusing Touch       Hex            41%          1%          3
e - Tukima's Dance        Hex            41%          1%          3
f - Apportation           Tloc           42%          2%          1
g - Blink                 Tloc           N/A          4%          2
h - Slow                  Hex            41%          1%          2
i - Dispel Undead         Necr           38%          4%          4
j - Animate Dead          Necr           19%          4%          4

Your spell library contained the following spells:

 Spells                   Type           Power        Failure   Level
 Animate Skeleton         Necr           76%          1%          1
 Pain                     Necr           100%         1%          1
 Sublimation of Blood     Necr           19%          1%          2
 Vampiric Draining        Necr           19%          1%          3
 Corpse Rot               Necr/Air       N/A          3%          2
 Dazzling Flash           Conj/Hex       50%          5%          3
 Magic Dart               Conj           36%          10%         1
 Summon Small Mammal      Summ           36%          10%         1
 Call Imp                 Summ           9%           14%         2
 Conjure Flame            Conj/Fire      9%           28%         3
 Mephitic Cloud           Conj/Pois/Air  9%           28%         3
 Borgnjor's Vile Clutch   Necr/Erth      12%          50%         5
 Death Channel            Necr           19%          56%         6
 Simulacrum               Ice/Necr       14%          89%         6


Dungeon Overview and Level Annotations

Branches:
Dungeon (11/15)            Temple (1/1) D:4            Lair (0/6) D:11
    Orc (0/2) D:11

Altars:
Cheibriados
Dithmenos
Elyvilon
Fedhas
Gozag
Hepliaklqana
Kikubaaqudgha
Nemelex Xobeh
Okawaru
Qazlal
Ru
Sif Muna
Trog
Uskayaw
Vehumet
Wu Jian
Xom
Yredelemnul
Zin
The Shining One

Shops:
D:7 :   D:8 ?

Portals:
Abyss: D:4
Bazaar: D:11

Annotations:
D:4 1 transporter, sraybest's ghost, novice TrFi


Innate Abilities, Weirdness & Mutations

You are very small and have problems with some larger weapons.
You are too small for most types of armour.
You have supernaturally acute eyesight. (SInv)
You cover ground extremely quickly.


Message History

An ice beast comes into view.
A death yak and a steam dragon come into view.
A yak and a death yak come into view.
Found a staircase to the Lair.
MP restored: 42
Casting: Ensorcelled Hibernation (safe; 1% risk of failure)
Confirm with . or Enter, or press ? or * to list all spells.
Your hands begin to glow red.
You now have 39/42 mp.
You hit the ice beast but do no damage.
The ice beast appears confused.
You hit the ice beast.
The ice beast is lightly wounded.
The ice beast hits you. The ice beast freezes you. You resist.
* * * LOW HITPOINT WARNING * * *
You take 7 damage, and have 9/44 hp.
You barely miss the ice beast.
The ice beast is lightly wounded.
You hit the ice beast but do no damage.
The ice beast is lightly wounded.
You strike the helpless ice beast from behind!
You impale the ice beast!!
You kill the ice beast!
Kikubaaqudgha accepts your kill.
MP restored: 42 A yak comes into view.
A yak comes into view.
A yak and a death yak come into view.
The death yak bellows!
You hear an angry hiss.
Found a flickering gateway to a bazaar. 2 yaks come into view.
The death yak bellows!
You hear an angry hiss.
A death yak comes into view.
The yak bellows! x3; You hear a bellow! x2; The yak bellows!
A white ugly thing comes into view.
The yak bellows!
You hear a shout!
An adder comes into view.
There is a flickering gateway to a bazaar here.
The white ugly thing tail-slaps you!
You die...
Kikubaaqudgha rasps: "You have failed me!
Welcome... death!"

,,**,,*** *,*8***8**,,,*
,,,**,,,* *,,,,,,,,,,,,**
,,,,***,*****,,,,,,,,,,,,8*
,,,,,8*,,,,,,,,,,,,,,,,,,**
,,,,,,**,,####*8***⌠***8**
**,,,,,**,....####*** ***
**,,,,,**.......# *****
*8,,,,8*.......#### *,,,<
*****,,,**......@...######***,,,,
*,***,,,**##..#.uYY.......,,,,,,,
*,,**,****#......Y..#####****,,,,
**,,,,* *,.....##...###### *,,,,
****,,* *.....S#.Y.......##****,
** **,* **........Y..####..# *##.
,* *,***,...#.DY...## ##.###...
,* *,,,,,,.....Y....* #.....#. ,*
******,,,.>DY....* ##..###.


You could see a death yak, a white ugly thing, 4 yaks, a steam dragon and an
adder.

Vanquished Creatures
  Harold (D:7)
  A two-headed ogre (D:8)
  A deep elf pyromancer (D:11)
  2 dancing weapons
  4 yaks (D:10)
  4 ice beasts
  5 orc warriors
  2 black bears
  A necrophage (D:9)
  4 ogres
  4 centaurs
  A phantom (D:6)
  4 bullfrogs (D:10)
  2 kobold brigands
  A water moccasin skeleton (D:6)
  7 scorpions
  3 howler monkeys
  A jelly (D:6)
  11 wights
  2 centaur zombies (D:9)
  3 bullfrog zombies
  2 quasits
  4 hounds
  2 centaur skeletons (D:10)
  2 orc priests
  A bullfrog skeleton (D:10)
  3 iguanas
  10 orc wizards
  4 worker ants
  3 hound skeletons
  2 mummies (D:9)
  Robin (D:2)
  A worker ant zombie (D:9)
  4 gnolls
  A howler monkey skeleton (D:8)
  An adder (D:5)
  2 shadow imps
  2 white imps
  An ufetubus (D:5)
  3 oozes
  An adder skeleton (D:9)
  An adder zombie (D:8)
  2 dart slugs
  5 leopard geckos
  38 orcs
  A ball python (D:1)
  7 giant cockroaches
  12 goblins
  7 hobgoblins
  17 jackals
  2 quokkas
  5 bats
  6 frilled lizards
  22 kobolds
  6 rats
245 creatures vanquished.

Vanquished Creatures (collateral kills)
  2 yaks (D:10)
  An orc priest (D:10)
  An orc (D:10)
4 creatures vanquished.

Vanquished Creatures (others)
  7 withered plants (D:9)
7 creatures vanquished.

Grand Total: 256 creatures vanquished

Notes
Turn   | Place    | Note
-------+----------+-------------------------------------------
     0 | D:1      | jasper the Spriggan Enchanter began the quest for the Orb.
     0 | D:1      | Reached XP level 1. HP: 9/9 MP: 5/5
   367 | D:1      | Reached XP level 2. HP: 13/13 MP: 6/6
   370 | D:1      | Learned a level 2 spell: Ensorcelled Hibernation
  1117 | D:1      | Reached skill level 5 in Stealth
  1232 | D:1      | Reached XP level 3. HP: 16/16 MP: 5/8
  1236 | D:1      | Learned a level 3 spell: Confusing Touch
  1821 | D:2      | Learned a level 1 spell: Animate Skeleton
  1823 | D:2      | Noticed Robin
  1954 | D:3      | Found a shimmering altar of Xom.
  1954 | D:3      | Found a shimmering altar of Xom.
  1984 | D:3      | Found a shimmering altar of Xom.
  1984 | D:3      | Found a shimmering altar of Xom.
  1984 | D:3      | Found a shimmering altar of Xom.
  1984 | D:3      | Found a shimmering altar of Xom.
  1984 | D:3      | Found a shimmering altar of Xom.
  2017 | D:3      | Found a shimmering altar of Xom.
  2035 | D:3      | Reached XP level 4. HP: 21/21 MP: 4/9
  2037 | D:3      | Reached skill level 1 in Ice Magic
  2442 | D:4      | Found a staircase to the Ecumenical Temple.
  2536 | D:4      | Reached skill level 6 in Stealth
  2560 | Temple   | Entered the Ecumenical Temple
  2788 | Temple   | Became a worshipper of Kikubaaqudgha
  2880 | D:4      | Reached XP level 5. HP: 24/24 MP: 7/10
  2990 | D:4      | Found a transporter.
  2994 | D:4      | Found a one-way gate to the infinite horrors of the Abyss.
  2994 | D:4      | Noticed sraybest's ghost (novice TrFi)
  3901 | D:5      | Entered Level 5 of the Dungeon
  3915 | D:5      | Reached skill level 7 in Stealth
  3915 | D:5      | Reached XP level 6. HP: 28/28 MP: 8/11
  4107 | D:5      | Found an opulent altar of Gozag.
  4293 | D:6      | Noticed an orc warrior
  4315 | D:6      | Killed an orc warrior
  4316 | D:6      | Reached skill level 5 in Hexes
  4338 | D:6      | Reached * piety under Kikubaaqudgha
  4338 | D:6      | Identified Kikubaaqudgha's Almanac of Necromancy
                  | (Kikubaaqudgha gifted it to you on level 6 of the Dungeon)
  4338 | D:6      | Received a gift from Kikubaaqudgha
  4344 | D:6      | Learned a level 3 spell: Tukima's Dance
  4346 | D:6      | Learned a level 1 spell: Apportation
  4551 | D:6      | Reached XP level 7. HP: 24/32 MP: 9/12
  4872 | D:6      | Reached skill level 1 in Translocations
  4966 | D:6      | Reached skill level 1 in Necromancy
  5611 | D:7      | Found Ungot's Book Emporium.
  5619 | D:7      | Bought a book of Minor Magic for 260 gold pieces
  5679 | D:7      | Reached XP level 8. HP: 36/36 MP: 9/14
  6017 | D:7      | Learned a level 2 spell: Blink
  6027 | D:7      | Learned a level 2 spell: Slow
  6114 | D:7      | Noticed Harold
  6263 | D:5      | Reached skill level 1 in Shields
  6414 | D:2      | Reached ** piety under Kikubaaqudgha
  6422 | D:2      | Killed Robin
  6599 | D:2      | Found a radiant altar of Vehumet.
  8139 | D:6      | Found a sparkling altar of Nemelex Xobeh.
  8823 | D:7      | Reached skill level 8 in Stealth
  8823 | D:7      | Reached skill level 5 in Spellcasting
  9033 | D:7      | Killed Harold
  9034 | D:7      | Reached skill level 5 in Short Blades
  9034 | D:7      | Reached XP level 9. HP: 30/39 MP: 6/19
  9431 | D:8      | Reached skill level 5 in Necromancy
  9541 | D:8      | Reached *** piety under Kikubaaqudgha
  9541 | D:8      | Identified Kikubaaqudgha's Disquisition on Black Magic
                  | (Kikubaaqudgha gifted it to you on level 8 of the Dungeon)
  9541 | D:8      | Received a gift from Kikubaaqudgha
  9570 | D:8      | Learned a level 4 spell: Dispel Undead
  9760 | D:8      | Found Qasyebil's Magic Scroll Boutique.
  9767 | D:8      | Reached skill level 9 in Stealth
  9773 | D:8      | Bought a scroll of blinking for 120 gold pieces
  9773 | D:8      | Bought a scroll of teleportation for 48 gold pieces
 10064 | D:8      | Noticed a two-headed ogre
 10070 | D:8      | Killed a two-headed ogre
 10331 | D:9      | Reached XP level 10. HP: 44/44 MP: 22/22
 10376 | D:9      | Found a snail-covered altar of Cheibriados.
 10465 | D:9      | Found a hide-covered altar of Uskayaw.
 10849 | D:9      | Reached **** piety under Kikubaaqudgha
 10972 | D:9      | Learned a level 4 spell: Animate Dead
 11524 | D:9      | Found a glowing golden altar of the Shining One.
 11795 | D:9      | Found an ornate altar of the Wu Jian Council.
 11826 | D:9      | Found a white marble altar of Elyvilon.
 11912 | D:10     | Entered Level 10 of the Dungeon
 12086 | D:10     | Reached skill level 10 in Stealth
 13342 | D:10     | Reached ***** piety under Kikubaaqudgha
 13607 | D:11     | Noticed a deep elf pyromancer
 13609 | D:11     | Noticed a gargoyle
 13613 | D:11     | Killed a deep elf pyromancer
 13653 | D:11     | Found a staircase to the Orcish Mines.
 13682 | D:11     | Found a bloodstained altar of Trog.
 13695 | D:11     | Noticed a death yak
 13696 | D:11     | Found a staircase to the Lair.
 13696 | D:11     | Noticed a death yak
 13722 | D:11     | Found a flickering gateway to a bazaar.
 13722 | D:11     | Noticed a death yak
 13724 | D:11     | Noticed a death yak
 13725 | D:11     | Noticed a white ugly thing
 13729 | D:11     | Slain by a white ugly thing

Illustrated notes

Levels and vault maps discovered:
D:1:      psy_arrival_statuary, layout_loops_corners
D:2:      layout_basic, vehumet_crystals, hangedman_feature_mirror,
          kennysheep_big_empty_room, serial_bayou_pond_d, uniq_robin
D:3:      layout_rooms, xom_redecorated, grunt_ministairs_4
D:4:      minmay_chambers_of_twos, layout_loops_ring,
          nicolae_overflow_hidden_temple, minmay_temple_entry_sparse_star,
          gammafunk_ghost_abyssal_escape, chequers_serial_rivers_room_a
D:5:      layout_cave_pools, corner_web_ring, nicolae_gozag_seed_capital
D:6:      layout_basic, nemelex_altar_shiori
D:7:      layout_cave_pools, serial_shops, nicolae_shop_crystal, serial_glass,
          glass_columns_a, glass_columns_b, glass_columns_b, glass_columns_c,
          glass_columns_a, glass_columns_a, glass_columns_c, glass_columns_c,
          glass_columns_a, glass_columns_b, glass_columns_b, glass_columns_a,
          glass_columns_a, glass_columns_c, feat_on_display,
          due_unseen_surprise, feat_on_display, minmay_circle_x, uniq_harold
D:8:      layout_loops_ring, serial_shops, nicolae_shop_waterfront
D:9:      layout_loops_ring, nicolae_overflow_quartered_altars, serial_undead,
          serial_undead_c, serial_undead_c, serial_undead_e, serial_undead_f,
          serial_undead_b, serial_undead_b, nicolae_tso_carved_into_rock
D:10:     wad_pebble_path, layout_cross, serial_bayou_ford_a
D:11:     layout_rooms, dpeg_lair_monsters, david_orc_3, serial_corexii_hall,
          corexii_hall_statues_deadend, corexii_hall_statues_deadend,
          chequers_hall_statues_wall_a, chequers_hall_statues_y,
          chequers_hall_statues_y, corexii_hall_statues_l, basic_altar,
          serial_shops, bzr_entry_dummy, shop_fountains
Temple:   nicolae_temple_god_jail

Skill      XL: |  1  2  3  4  5  6  7  8  9 10 |
---------------+-------------------------------+-----
Spellcasting   | 3 6 7 9 |  9.5
Stealth        | 5 6 7 8 9 10 | 10.7
Hexes          | 4 6 7 8 |  8.0
Short Blades   | 2 3 4 5 6 7 |  7.0
Ice Magic      | 1 2 |  2.3
Translocations | 3 |  3.0
Necromancy     | 2 4 5 7 |  7.2
Shields        | 2 3 |  3.8
Dodging        | |  2.6

Action                   |  1- 3 |  4- 6 |  7- 9 | 10-12 || total
-------------------------+-------+-------+-------+-------++-------
Melee: Dagger            |    87 |   128 |   250 |   236 ||   701
 Cast: Corona            |     4 |       |       |     1 ||     5
       Ensorcelled Hiber |    29 |    40 |    80 |    48 ||   197
       Confusing Touch   |       |     4 |    14 |    20 ||    38
       Blink             |       |       |     2 |       ||     2
       Tukima's Dance    |       |       |     1 |     2 ||     3
       Animate Dead      |       |       |       |     2 ||     2
       Dispel Undead     |       |       |       |     2 ||     2
Evoke: Wand              |       |       |    13 |     1 ||    14
  Use: Scroll            |       |     5 |     7 |     3 ||    15
 Stab: Sleeping          |    29 |    22 |    63 |    45 ||   159
       Confused          |       |     6 |    16 |    19 ||    41
       Distracted        |       |       |       |     1 ||     1
Armor: Robe              |     7 |    13 |    30 |     9 ||    59
Dodge: Dodged            |    70 |   109 |   183 |   106 ||   468
Block: Buckler           |       |       |       |    16 ||    16

Table legend: (Time is in decaauts)
 A = Elapsed time spent in this place.
 B = Non-inter-level travel time spent in this place.
 C = Inter-level travel time spent in this place.
 D = Time resting spent in this place.
 E = Time spent auto-exploring this place.
 F = Levels seen in this place.
 G = Mean time per level.
                   A        B        C        D        E       F      G
               +--------+--------+--------+--------+--------+-----+--------+
         Total |  10841 |  10575 |    266 |   1521 |   7202 |  12 |  903.4 |
       Dungeon |  10565 |  10309 |    256 |   1471 |   7019 |  11 |  960.5 |
        Temple |    275 |    266 |      9 |     50 |    182 |   1 |  275.0 |
               +--------+--------+--------+--------+--------+-----+--------+

Top non-repeatable levels by time:
     D:9: 1668 daAuts
     D:7: 1375 daAuts
     D:1: 1369 daAuts
     D:6: 1315 daAuts
     D:4: 1142 daAuts
    D:10: 1078 daAuts
     D:8: 745 daAuts
     D:2: 662 daAuts
     D:5: 569 daAuts
     D:3: 560 daAuts
  Temple: 275 daAuts
    D:11: 78 daAuts
